 Seeded DCSS version 0.30.1-9-gdf580d7c3d (webtiles) character file.

Game seed: 7612588474052064957 (custom seed)

2683 Psyclone the Thaumaturge (level 9, 60/60 HPs)
             Began as a Deep Elf Conjurer on Sept 24, 2023.
             Was an Initiate of Ashenzari.
             Quit the game on level 8 of the Dungeon.
             The game lasted 00:32:39 (8381 turns).

Psyclone the Thaumaturge (Deep Elf Conjurer)        Turns: 8381, Time: 00:32:40

Health: 60/60      AC:  6    Str:  4    XL:     9   Next: 37%
Magic:  23/23      EV: 20    Int: 28    God:    Ashenzari [......]
Gold:   503        SH:  0    Dex: 13    Spells: 14/24 levels left

rFire   . . .        a - +0 rapier (speed)
rCold   . . .        (no shield)
rNeg    . . .        L - +0 steam dragon scales
rPois   .            (helmet restricted)
rElec   .            z - +0 cloak
rCorr   .            (no gloves)
SInv    +            (no boots)
Will    .....        m - amulet of regeneration
Stlth   ++           k - ring of see invisible
HPRegen 1.10/turn    G - +5 ring of evasion
MPRegen 0.18/turn

%: no passive effects
@: no status effects
A: beak, robust 1, evolution 1
a: Renounce Religion, Curse Item


You were on level 8 of the Dungeon.
You worshipped Ashenzari.
Ashenzari was noncommittal.
You visited 2 branches of the dungeon, and saw 9 of its levels.

You collected 503 gold pieces.

Inventory:

Hand Weapons
 a - a +0 rapier of speed (weapon)
Missiles
 M - a throwing net {!f}
Armour
 z - a +0 cloak (worn)
 H - a +2 helmet
 L - +0 steam dragon scales (worn)
Magical Staves
 A - a staff of fire
Jewellery
 k - a ring of see invisible (left hand)
 m - an amulet of regeneration (around neck)
 y - a +6 ring of dexterity
 G - a +5 ring of evasion (right hand)
 I - a ring of protection from cold
Wands
 h - a wand of flame (14)
 t - a wand of polymorph (11)
 B - a wand of mindburst (35)
Scrolls
 c - 2 scrolls of blinking
 e - 3 scrolls of vulnerability
 f - 2 scrolls of enchant armour
 i - 2 scrolls of fog
 n - 5 scrolls of teleportation
 p - 4 scrolls of amnesia
 r - 2 scrolls of identify {@r1}
 w - 2 scrolls of poison
 D - 2 scrolls of noise
Potions
 b - a potion of magic
 g - 3 potions of heal wounds {unknown}
 l - a potion of lignification {unknown}
 o - 4 potions of brilliance {unknown}
 q - 4 potions of curing
 s - 2 potions of mutation
 u - 4 potions of attraction {unknown}
 v - a potion of cancellation {unknown}
 x - 2 potions of haste {unknown}
 C - a potion of resistance {unknown}
 E - a potion of ambrosia {unknown}
 F - a potion of flight


   Skills:
 + Level 6.2 Fighting
 - Level 8.0 Dodging
 - Level 2.4 Stealth
 - Level 8.0 Spellcasting
 - Level 8.0 Conjurations


You had 14 spell levels left.
You knew the following spells:

 Your Spells              Type           Power      Damage    Failure   Level
a - Magic Dart            Conj           100%       1d8       1%          1
b - Searing Ray           Conj           100%       2d8       1%          2
d - Fulminant Prism       Conj/Hex       16%        3d10      10%         4
r - Swiftness             Air            11%        N/A       14%         3

Your spell library contained the following spells:

 Spells                   Type           Power      Damage    Failure   Level
 Dazzling Flash           Conj/Hex       66%        N/A       2%          3
 Apportation              Tloc           22%        N/A       4%          1
 Beastly Appendage        Tmut           22%        N/A       4%          1
 Necrotise                Necr           44%        1d6       4%          1
 Slow                     Hex            44%        N/A       4%          1
 Summon Small Mammal      Summ           44%        N/A       4%          1
 Ensorcelled Hibernation  Hex/Ice        22%        N/A       8%          2
 Passwall                 Tmut/Erth      9%         N/A       8%          2
 Wereblood                Tmut           11%        N/A       8%          2
 Iskenderun's Mystic Bla  Conj/Tloc      33%        2d8       10%         4
 Confusing Touch          Hex            11%        N/A       14%         3
 Spider Form              Tmut/Pois      11%        N/A       14%         3
 Vampiric Draining        Necr           11%        2d6       14%         3


Dungeon Overview and Level Annotations

Branches:
Dungeon (8/15) Zot: 26987  Temple (1/1) D:4 Zot: 5872
   Lair: D:8-11

Altars:
Ashenzari
Cheibriados
Dithmenos
Elyvilon
Fedhas
Gozag
Hepliaklqana
Kikubaaqudgha
Makhleb
Nemelex Xobeh
Okawaru
Qazlal
Ru
Sif Muna
Trog
Uskayaw
Vehumet
Wu Jian
Xom
Yredelemnul
Zin
The Shining One

Shops:
D:1 [   D:3 :   D:4 (


Innate Abilities, Weirdness & Mutations

You have a beak for a mouth.
You are robust. (+10% HP)
You have hidden genetic potential.


Message History

F - a potion of flight
Okay, then.
Okay, then.
As you read the scroll of identify {@r1}, it crumbles to dust.
i - 2 scrolls of fog
As you read the scroll labelled CUSUGHI UNURESITZ, it crumbles to dust.
The air around you briefly surges with heat, but it dissipates.
It was a scroll of immolation.
As you read the scroll labelled QAXZUL INTIKOI, it crumbles to dust.
A profound silence engulfs you.
It was a scroll of silence.
Unknown command.
Unknown command.
Unknown command.
Unknown command.
You start waiting.
You feel your willpower return.
You start waiting.
Your butterfly disappears in a burst of colours! x2
Your hearing returns.
You start waiting.
Done waiting.
You start waiting.
Done waiting.
As you read the scroll labelled ATYTWE NIOKH, it crumbles to dust.
Your body is wracked with pain!
It was a scroll of torment.
You take 28 damage, and have 32/60 hp.
MASSIVE DAMAGE!!
You start resting.
HP restored.
Health restored: 60 You start waiting.
Done waiting.
(D) Dungeon (T) Temple
Where to? (Enter - D:7, ? - help)
There is a stone staircase leading down here.
You climb downwards.
There is a stone staircase leading up here.
Found a stone staircase leading up.
A troll comes into view.
The troll shouts!
Are you sure you want to abandon this character and quit the game? (Confirm with "yes".)

..........#
.♣
..........#♣T
...<......#.
...........
..........#
..........#
..........#
#@..# ##..#
#..# #..#
#..#######
##........#
#.........#
♣#..#.....#
.....##.##.#


You could see a troll.

Vanquished Creatures
  Grinder (D:5)
  2 steam dragons
  2 ice beasts
  2 sky beasts (D:7)
  2 ogres
  4 phantoms
  4 scorpions
  A gnoll sergeant (D:7)
  2 gnoll boudas (D:6)
  9 hounds
  3 orc priests
  A sleepcap (D:5)
  Crazy Yiuf (D:3)
  2 jellies (D:5)
  5 iguanas
  6 orc wizards (D:6)
  11 gnolls
  7 adders
  A shadow imp (D:5)
  An ufetubus (D:7)
  A worm (D:3)
  3 dart slugs
  23 orcs
  4 endoplasms
  5 giant cockroaches
  6 hobgoblins
  5 jackals (D:1)
  2 quokkas
  12 ball pythons
  5 bats
  8 frilled lizards
  6 goblins
  10 kobolds
  8 rats
165 creatures vanquished.

Notes
Turn   | Place    | Note
-------+----------+-------------------------------------------
     0 | D:1      | Psyclone the Deep Elf Conjurer began the quest for the Orb.
     0 | D:1      | Reached XP level 1. HP: 10/10 MP: 6/6
   246 | D:1      | Reached XP level 2. HP: 15/15 MP: 2/8
   516 | D:1      | Learned a level 2 spell: Searing Ray
   675 | D:1      | You fall into a shaft and drop 1 floor!
   765 | D:1      | Reached skill level 5 in Conjurations
   765 | D:1      | Reached XP level 3. HP: 19/19 MP: 8/10
   973 | D:1      | Found Doimeus's Antique Armour Emporium.
  1339 | D:2      | Found a faded altar of an unknown god.
  1854 | D:2      | Reached XP level 4. HP: 24/24 MP: 9/12
  2062 | D:3      | Found Ujophos's Book Shoppe.
  2072 | D:3      | Noticed a phantom
  2078 | D:3      | Killed a phantom
  2079 | D:3      | Reached skill level 5 in Spellcasting
  2079 | D:3      | Reached XP level 5. HP: 28/28 MP: 4/14
  3253 | D:3      | Reached XP level 6. HP: 14/32 MP: 7/17
  3524 | D:3      | Found a runed translucent door.
  3525 | D:3      | Noticed Crazy Yiuf
  3532 | D:3      | Killed Crazy Yiuf
  4102 | D:4      | Found a staircase to the Ecumenical Temple.
  4198 | Temple   | Entered the Ecumenical Temple
  4310 | Temple   | Became a worshipper of Ashenzari the Shackled
  4423 | D:4      | Found Zirin's Weapon Shoppe.
  4589 | D:5      | Entered Level 5 of the Dungeon
  4612 | D:5      | Learned a level 4 spell: Fulminant Prism
  4974 | D:5      | Reached XP level 7. HP: 36/36 MP: 15/20
  4976 | D:5      | Noticed Grinder
  4990 | D:5      | Killed Grinder
  5093 | D:5      | Reached skill level 1 in Fighting
  5333 | D:5      | Reached XP level 8. HP: 44/44 MP: 16/22
  5504 | D:5      | Reached skill level 5 in Dodging
  5671 | D:5      | Learned a level 3 spell: Swiftness
  5889 | D:5      | Found a shadowy altar of Dithmenos.
  5889 | D:5      | Found a shimmering blue altar of Sif Muna.
  5891 | D:5      | Found a hazy altar of Hepliaklqana.
  6549 | D:6      | Reached XP level 9. HP: 52/52 MP: 19/23
  7329 | D:7      | Reached skill level 5 in Fighting
  7995 | D:7      | Gained mutation: You have hidden genetic potential. [potion
                  | of mutation]
  7995 | D:7      | Gained mutation: You are robust. (+10% HP) [potion of
                  | mutation]
  7995 | D:7      | Gained mutation: You have a beak for a mouth. [potion of
                  | mutation]
  8380 | D:8      | Noticed a troll
  8381 | D:8      | Quit the game

Illustrated notes

Levels and vault maps discovered:
D:1:      elethiomel_arrival_quiet, layout_loops_ring, serial_shops,
          nicolae_shop_getting_attention, minmay_misc_feat_columns,
          minmay_indecisive_spiral
D:2:      minmay_angry_zag, layout_rooms,
          hellmonk_ecumenical_altar_pennies_from_heaven, minmay_misc_feat_chi
D:3:      minmay_razor_zed, layout_loops_corners, serial_shops,
          nicolae_shop_crystal, cheibrodos_gnoll_hut, uniq_crazy_yiuf_cottage
D:4:      layout_rooms, minmay_temple_entry_junction, serial_shops,
          nicolae_shop_tiny_glass
D:5:      minmay_evil_eye, layout_loops_ring, nicolae_overflow_hidden_temple,
          uniq_grinder
D:6:      layout_loops_ring, serial_aquarium, aquarium_bridge_island_small
          [aquarium_subvault_small_open, aquarium_subvault_bridge,
          aquarium_subvault_bridge, aquarium_subvault_wall,
          aquarium_subvault_bridge], aquarium_bridge_long_separate
          [aquarium_subvault_wall, aquarium_subvault_bridge,
          aquarium_subvault_bridge, aquarium_subvault_wall,
          aquarium_subvault_bridge, aquarium_subvault_wall], aquarium_window_1,
          aquarium_window_fake, aquarium_window_corner, aquarium_view_2e,
          aquarium_balcony_5b
D:7:      layout_rooms
D:8:      nzn_winding_woodlands_cross [nzn_winding_woodlands_5x15_parted,
          nzn_winding_woodlands_5x15_garden, nzn_winding_woodlands_5x15_jagged,
          nzn_winding_woodlands_5x15_twine,
          nzn_winding_woodlands_15x15_boxy_spiral], layout_rooms, serial_shops,
          nicolae_shop_pleasant_corner_grove
Temple:   compressed_dpeg_triangle_lava_temple

Skill      XL: |  1  2  3  4  5  6  7  8  9 |
---------------+----------------------------+-----
Spellcasting   | 4 5 6 7 8 |  8.0
Conjurations   | 5 6 7 8 |  8.0
Fighting       | 2 4 6 |  6.2
Dodging        | 4 7 8 |  8.0
Stealth        | |  2.4

Action                     |  1- 3 |  4- 6 |  7- 9 || total
---------------------------+-------+-------+-------++-------
  Melee: Dagger            |     1 |     9 |       ||    10
         Short sword       |       |       |     7 ||     7
   Cast: Magic Dart        |    97 |    52 |    68 ||   217
         Searing Ray       |       |    28 |    48 ||    76
    Use: Scroll            |       |       |    13 ||    13
         Potion            |       |       |     1 ||     1
 Armour: Robe              |     2 |     2 |     1 ||     5
  Dodge: Dodged            |     6 |    22 |    30 ||    58
